 Dungeon Crawl Stone Soup version 0.18.1-8-gdd0e5ea (webtiles) character file.

119 LORDOFBUTT the Skirmisher (level 4, -7/44 HPs)
             Began as a Minotaur Chaos Knight on May 24, 2016.
             Mangled by a spatial vortex (15 damage)
             ... summoned by the capriciousness of Xom
             ... on level 2 of the Dungeon.
             The game lasted 00:02:57 (6303 turns).

LORDOFBUTT the Skirmisher (Minotaur Chaos Knight)   Turns: 6303, Time: 00:02:58

Health: -7/44      AC:  5    Str: 16    XL:     4   Next: 74%
Magic:  3/3        EV: 12    Int:  9    God:    Xom [*.....]
Gold:   96         SH:  0    Dex: 11    Spells: 0 memorised, 3 levels left

rFire  + . .     SeeInvis .     a - +0 hand axe (chaos)
rCold  . . .     Gourm    .     b - +2 leather armour
rNeg   . . .     Faith    .     (no shield)
rPois  .         Spirit   .     (helmet restricted)
rElec  .         Dismiss  .     (no cloak)
rCorr  .         Reflect  .     (no gloves)
SustAt .         Harm     .     (no boots)
MR     .....     Clarity  +     (no amulet)
Stlth  ++........               (no ring)
                                e - ring of stealth

@: not resistant to hostile enchantments, unstealthy
A: retaliatory headbutt, claws 1, hooves 1, horns 2, clarity, fire resistance 1,
regeneration 1, robust 1
a: Renounce Religion


You were on level 2 of the Dungeon.
You worshipped Xom.
You were a special plaything of Xom.
You were not hungry.

You visited 1 branch of the dungeon, and saw 2 of its levels.

You collected 96 gold pieces.

Inventory:

Hand Weapons
 a - a +0 hand axe of chaos (weapon)
Armour
 b - a +2 leather armour (worn)
Jewellery
 e - a ring of stealth (left claw)
Wands
 i - a wand of polymorph (8/24)
Scrolls
 d - a scroll of remove curse {unknown}
 f - 2 scrolls of recharging {unknown}
Potions
 g - 2 potions of might {unknown}
 h - a potion of resistance {unknown}
Comestibles
 c - a bread ration


   Skills:
 + Level 4.3 Fighting
 + Level 4.2 Axes
 + Level 3.3 Armour
 + Level 2.9 Dodging
 + Level 1.3 Stealth
 + Level 0.4 Unarmed Combat


You had 3 spell levels left.
You didn't know any spells.

Dungeon Overview and Level Annotations

Branches:
Dungeon (2/15)

Altars:
Nemelex Xobeh
Xom


Innate Abilities, Weirdness & Mutations

You reflexively headbutt those who attack you in melee.
You have a pair of horns on your head.
You have sharp fingernails.
You have large cloven feet.
You possess an exceptional clarity of mind.
Your flesh is heat resistant.
Your natural rate of healing is unusually fast.
You are robust (+10% HP).


Message History

The spatial vortex barely misses you.
You hit the spatial vortex. Your kick misses the spatial vortex.
You headbutt the spatial vortex!
The spatial vortex is moderately damaged.
The spatial vortex closely misses you.
You barely miss the spatial vortex.
The spatial vortex is moderately damaged.
You barely miss the spatial vortex.
The spatial vortex is moderately damaged.
You hit the spatial vortex.
The spatial vortex is heavily damaged.
The spatial vortex hits you. Space warps horribly around you!
Ouch! That really hurt!
You slash the spatial vortex!
Your headbutt misses the spatial vortex.
The spatial vortex is heavily damaged.
The spatial vortex hits you!
* * * LOW HITPOINT WARNING * * *
Space warps horribly around you!
You die...

............#
#.._..8.._.#
#..........#
###.......##
#.......#
###...### #...#
#.#####v.## #####
#.....@.## #
#...#########..# #
#..............# #
#...#########.## #
##.##########.# #
#............#
#####.############
......# #####.#


You could see a spatial vortex.

Vanquished Creatures
  Natasha (thrice) (D:2)
  2 dart slugs (D:1)
  A giant gecko (D:1)
  7 bats
  6 goblins
  4 hobgoblins
  4 jackals (D:1)
  A ball python (D:1)
  3 giant newts
  6 kobolds
  2 rats (D:2)
39 creatures vanquished.

Notes
Turn   | Place    | Note
--------------------------------------------------------------
     0 | D:1      | LORDOFBUTT the Minotaur Chaos Knight began the quest for the Orb.
     0 | D:1      | Reached XP level 1. HP: 19/19 MP: 0/0
    25 | D:1      | XOM: butterfly on damage
   133 | D:1      | XOM: divination: detect creatures
   260 | D:1      | XOM: harmless Summ miscast
   806 | D:1      | XOM: divination: magic mapping
  1095 | D:1      | XOM: silly message
  1239 | D:1      | Reached XP level 2. HP: 23/27 MP: 1/1
  1334 | D:1      | XOM: harmless Conj miscast
  1801 | D:1      | XOM: harmless Divn miscast
  1914 | D:1      | XOM: give mutations
  1914 | D:1      | Gained mutation: Your flesh is heat resistant. [Xom's grace]
  1914 | D:1      | Gained mutation: Your natural rate of healing is unusually fast. [Xom's grace]
  1932 | D:1      | XOM: god gift: twisted tourmaline ring {god gift}
  2230 | D:1      | XOM: cast spell 'Hydra Form'
  2242 | D:1      | Reached XP level 3. HP: 33/33 MP: 2/2
  2296 | D:1      | XOM is BORED!
  2799 | D:1      | XOM: vitrification
  3720 | D:1      | XOM: medium Divn miscast
  3968 | D:1      | XOM: scenery: create altars
  4321 | D:1      | XOM: scenery: create altars
  4589 | D:1      | XOM: give mutations
  4589 | D:1      | Gained mutation: You possess an exceptional clarity of mind. [Xom's grace]
  4589 | D:1      | Gained mutation: You are robust (+10% HP). [Xom's grace]
  4589 | D:1      | Gained mutation: You have large cloven feet. [Xom's grace]
  4589 | D:1      | Gained mutation: You have sharp fingernails. [Xom's grace]
  4751 | D:2      | Noticed Natasha
  4751 | D:2      | Found a sparkling altar of Nemelex Xobeh.
  4753 | D:2      | Found a shimmering altar of Xom.
  4759 | D:2      | Killed Natasha
  4797 | D:2      | Noticed Natasha
  4812 | D:2      | XOM: harmless Erth miscast
  4821 | D:2      | Killed Natasha
  4821 | D:2      | Reached skill level 1 in Stealth
  4821 | D:2      | Reached XP level 4. HP: 44/44 MP: 3/3
  5077 | D:2      | Noticed Natasha
  5087 | D:2      | Killed Natasha
  5261 | D:2      | XOM: 3-stop teleportation journey
  5458 | D:2      | XOM: noise
  5692 | D:2      | XOM is BORED!
  5819 | D:2      | XOM: harmless Conj miscast
  6122 | D:2      | XOM: mild Pois miscast
  6282 | D:2      | XOM: 9-stop teleportation journey
  6285 | D:2      | XOM: medium Tloc miscast
  6286 | D:2      | Noticed a spatial vortex
  6303 | D:2      | Mangled by a spatial vortex

Skill      XL: |  1  2  3 |
---------------+----------+-----
Axes           | 4 |  4.2
Fighting       | 4 |  4.3
Armour         | 3 |  3.3
Dodging        | 2 |  2.9
Stealth        | 1 |  1.3
Unarmed Combat | |  0.4

Action                   |  1- 3 |  4- 6 || total
-------------------------+-------+-------++-------
Melee: Hand axe          |    63 |    19 ||    82
       Headbutt          |     6 |     2 ||     8
       Unarmed           |    12 |       ||    12
       Kick              |     2 |     4 ||     6
 Stab: Sleeping          |     3 |       ||     3
  Eat: Chunk             |     2 |       ||     2
       Meat ration       |     1 |       ||     1
       Bread ration      |     1 |     1 ||     2
Armor: Leather armour    |    26 |     5 ||    31
       Skin              |     5 |       ||     5
Dodge: Dodged            |    38 |    16 ||    54
